 Dungeon Crawl Stone Soup version 0.25.0-46-gbd7b0854d2 (webtiles) character file.

Game seed: 4967076703702688403

111 Lluna the Vexing (level 4, -4/34 HPs)
             Began as a Gnoll Arcane Marksman on July 13, 2020.
             Slain by an adder (5 damage)
             ... on level 3 of the Dungeon.
             The game lasted 00:10:24 (2399 turns).

Lluna the Vexing (Gnoll Arcane Marksman)            Turns: 2399, Time: 00:10:26

Health: -4/34      AC:  2    Str: 13    XL:     4   Next: 92%
Magic:  8/8        EV: 15    Int: 15    God:
Gold:   145        SH:  0    Dex: 16    Spells: 8/9 levels left

rFire    . . .     SeeInvis .   a - +0 hand crossbow
rCold    . . .     Gourm    .   (no shield)
rNeg     . . .     Faith    .   e - +0 robe
rPois    .         Spirit   .   (no helmet)
rElec    .         Reflect  .   (no cloak)
rCorr    .         Harm     .   (no gloves)
MR       .....                  (no boots)
Stlth    ++........             (no amulet)
HPRegen  0.11/turn              (no ring)
MPRegen  0.11/turn              (no ring)

@: lethally poisoned (-4 -> -17)
A: distributed training, fangs 1, strong nose
a: no special abilities


You were on level 3 of the Dungeon.
You were not hungry.

You visited 1 branch of the dungeon, and saw 3 of its levels.

You collected 145 gold pieces.

Inventory:

Hand Weapons
 a - a +0 hand crossbow (weapon)
 b - a +0 short sword
Missiles
 d - 25 bolts (quivered)
 k - 142 stones
 n - 2 atropa-tipped darts
Armour
 e - a +0 robe (worn)
Jewellery
 j - an uncursed ring of stealth {unknown}
Scrolls
 g - a scroll of noise {unknown}
 i - 2 scrolls of enchant armour {unknown}
 l - 3 scrolls of identify {unknown}
 q - a scroll of fog {unknown}
Potions
 c - a potion of stabbing {unknown}
 m - a potion of degeneration {unknown}
 o - a potion of haste {unknown}
 p - a potion of invisibility {unknown}
 r - a potion of ambrosia {unknown}
Comestibles
 f - 4 rations


   Skills:
 + Level 2.8 Fighting
 + Level 1.2 Short Blades
 + Level 1.2 Long Blades
 + Level 1.2 Axes
 + Level 1.2 Maces & Flails
 + Level 1.2 Polearms
 + Level 1.2 Staves
 + Level 1.2 Slings
 + Level 1.2 Bows
 + Level 4.7 Crossbows
 + Level 1.2 Throwing
 + Level 1.2 Armour
 + Level 4.7 Dodging
 + Level 1.2 Stealth
 + Level 1.2 Shields
 + Level 1.2 Unarmed Combat
 + Level 3.0 Spellcasting
 + Level 1.0 Conjurations
 + Level 5.5 Hexes
 + Level 1.0 Charms
 + Level 1.0 Summonings
 + Level 1.0 Necromancy
 + Level 1.0 Translocations
 + Level 1.0 Transmutations
 + Level 1.0 Fire Magic
 + Level 1.0 Ice Magic
 + Level 1.0 Air Magic
 + Level 1.0 Earth Magic
 + Level 1.0 Poison Magic
 + Level 1.4 Invocations
 + Level 1.2 Evocations


You had 8 spell levels left.
You knew the following spells:

 Your Spells              Type           Power        Failure   Level  Hunger
a - Corona                Hex            ###....      1%          1    #......

Your spell library contained the following spells:

 Spells                   Type           Power        Failure   Level  Hunger
 Slow                     Hex            ###.....     3%          2    ##.....
 Inner Flame              Hex/Fire       ##......     16%         3    ###....
 Portal Projectile        Hex/Tloc       ##....       16%         3    ###....
 Cause Fear               Hex            ###.......   21%         4    #####..
 Leda's Liquefaction      Hex/Erth       ##........   45%         4    #####..


Dungeon Overview and Level Annotations

Branches:
Dungeon (3/15)

Altars:


Innate Abilities, Weirdness & Mutations

Your experience applies equally to all skills.
You have very sharp teeth.
Your uncanny sense of smell can sniff out nearby items.


Message History

You shoot a bolt. The bolt misses the adder.
* * * LOW HITPOINT WARNING * * *
You feel sick. The adder misses you. The adder barely misses you.
Firing (i - inventory. (/) - cycle)
d - 27 bolts (quivered)
Press: ? - help, Shift-Dir - straight line, f/p - adder
Aim: an adder (severely wounded)
You shoot a bolt. The bolt hits the adder.
The adder is severely wounded.
* * * LOW HITPOINT WARNING * * *
You feel sick. The adder closely misses you.
Firing (i - inventory. (/) - cycle)
d - 26 bolts (quivered)
Press: ? - help, Shift-Dir - straight line, f/p - adder
Aim: an adder (severely wounded)
You shoot a bolt. The bolt barely misses the adder.
* * * LOW HITPOINT WARNING * * *
You feel sick. The adder bites you.
* * * LOW HITPOINT WARNING * * *
You are more poisoned.
The adder poisons you! The adder bites you.
You die...

######....#
#.# #####
##.÷)..####
#.####.....
##.#####
#.<....#
...#
##...###
####
####..## #
##.[....# #
#..####..#
.# #####.##
#.# .#
#.@†..# ...
..
#..(S#####
.... #.#
#.(#(. .#>.
#.. #.. ∆
.### ( ...
##.. ∆ ##.
#.


You could see an adder.

Vanquished Creatures
  4 adders
  An ooze (D:1)
  A worm (D:2)
  3 dart slugs
  3 leopard geckos
  4 orcs (D:3)
  5 bats
  A giant cockroach (D:1)
  6 goblins
  4 hobgoblins
  4 jackals (D:2)
  5 kobolds
  2 ball pythons (D:1)
  3 frilled lizards (D:2)
  13 rats
59 creatures vanquished.

Notes
Turn   | Place    | Note
-------+----------+-------------------------------------------
     0 | D:1      | Lluna the Gnoll Arcane Marksman began the quest for the
                  | Orb.
     0 | D:1      | Reached XP level 1. HP: 17/17 MP: 4/4
    98 | D:1      | Reached XP level 2. HP: 23/23 MP: 5/5
   565 | D:1      | Reached XP level 3. HP: 28/28 MP: 7/7
   992 | D:2      | Reached skill level 1 in Invocations
  1207 | D:2      | Reached skill level 1 in Short Blades
  1207 | D:2      | Reached skill level 1 in Long Blades
  1207 | D:2      | Reached skill level 1 in Axes
  1207 | D:2      | Reached skill level 1 in Maces & Flails
  1207 | D:2      | Reached skill level 1 in Polearms
  1207 | D:2      | Reached skill level 1 in Staves
  1207 | D:2      | Reached skill level 1 in Slings
  1207 | D:2      | Reached skill level 1 in Bows
  1207 | D:2      | Reached skill level 1 in Throwing
  1207 | D:2      | Reached skill level 1 in Armour
  1207 | D:2      | Reached skill level 1 in Stealth
  1207 | D:2      | Reached skill level 1 in Shields
  1207 | D:2      | Reached skill level 1 in Unarmed Combat
  1207 | D:2      | Reached skill level 1 in Evocations
  1255 | D:2      | Reached XP level 4. HP: 24/34 MP: 8/8
  2088 | D:3      | Reached skill level 1 in Conjurations
  2088 | D:3      | Reached skill level 1 in Charms
  2088 | D:3      | Reached skill level 1 in Summonings
  2088 | D:3      | Reached skill level 1 in Necromancy
  2088 | D:3      | Reached skill level 1 in Translocations
  2088 | D:3      | Reached skill level 1 in Transmutations
  2088 | D:3      | Reached skill level 1 in Fire Magic
  2088 | D:3      | Reached skill level 1 in Ice Magic
  2088 | D:3      | Reached skill level 1 in Air Magic
  2088 | D:3      | Reached skill level 1 in Earth Magic
  2088 | D:3      | Reached skill level 1 in Poison Magic
  2399 | D:3      | HP: 1/34 [adder (2)]
  2399 | D:3      | Slain by an adder

Illustrated notes

Levels and vault maps discovered:
D:1:      dpeg_arrival_snail, layout_basic, minivault_27, minmay_octomino_j4
D:2:      layout_rooms
D:3:      layout_rooms, kennysheep_generic_room_14

Skill      XL: |  1  2  3  4 |
---------------+-------------+-----
Invocations    | 1 |  1.4
Short Blades   | 1 |  1.2
Long Blades    | 1 |  1.2
Axes           | 1 |  1.2
Maces & Flails | 1 |  1.2
Polearms       | 1 |  1.2
Staves         | 1 |  1.2
Slings         | 1 |  1.2
Bows           | 1 |  1.2
Throwing       | 1 |  1.2
Armour         | 1 |  1.2
Stealth        | 1 |  1.2
Shields        | 1 |  1.2
Unarmed Combat | 1 |  1.2
Evocations     | 1 |  1.2
Spellcasting   | 3 |  3.0
Conjurations   | 1 |  1.0
Charms         | 1 |  1.0
Summonings     | 1 |  1.0
Necromancy     | 1 |  1.0
Translocations | 1 |  1.0
Transmutations | 1 |  1.0
Fire Magic     | 1 |  1.0
Ice Magic      | 1 |  1.0
Air Magic      | 1 |  1.0
Earth Magic    | 1 |  1.0
Poison Magic   | 1 |  1.0
Fighting       | |  2.8
Crossbows      | |  4.7
Dodging        | |  4.7
Hexes          | |  5.5

Action                   |  1- 3 |  4- 6 || total
-------------------------+-------+-------++-------
Melee: Short sword       |    82 |    72 ||   154
       Bite              |    16 |     7 ||    23
 Fire: Hand crossbow     |    29 |    30 ||    59
Throw: Stone             |     1 |       ||     1
 Stab: Sleeping          |     2 |     1 ||     3
       Distracted        |     1 |       ||     1
  Eat: Chunk             |     1 |     4 ||     5
Armor: Robe              |    15 |    11 ||    26
Dodge: Dodged            |    64 |    68 ||   132
